 Dungeon Crawl Stone Soup version 0.31-a0-655-gf2d5465dac (webtiles) character file.

Game seed: 15609495006489873940

1547 GordonOverkill the Grappler (level 8, -11/87 HPs)
             Began as a Troll Delver on Aug 29, 2023.
             Was an Initiate of Okawaru.
             Mangled by an orc warlord
             ... wielding a +3 battleaxe
              (21 damage)
             ... in a bailey.
             The game lasted 00:07:25 (2485 turns).

GordonOverkill the Grappler (Troll Delver)          Turns: 2485, Time: 00:07:26

Health: -11/87     AC:  4    Str: 23    XL:     8   Next: 57%
Magic:  7/7        EV: 10    Int:  6    God:    Okawaru [......]
Gold:   129        SH:  0    Dex: 11    Spells: 7/7 levels left

rFire   . .          .
                       - Unarmed
rCold   . . .        h - orb {mayhem}
rNeg    . . .        a - +0 robe
rPois   .            (helmet restricted)
rElec   .            (no cloak)
rCorr   .            (gloves unavailable)
SInv    .            (boots unavailable)
Will    .....        (no amulet)
Stlth   ++           (no ring)
HPRegen 1.14/turn    (no ring)
MPRegen 0.10/turn

%: mayhem
@: mighty, studying Fighting
A: large, unfitting armour, claws 3, regeneration 1, shaggy fur 1, tough skin 1
a: Renounce Religion


You were in a bailey.
You worshipped Okawaru.
Okawaru was noncommittal.
You visited 2 branches of the dungeon, and saw 4 of its levels.
You also visited: Bailey.

You collected 129 gold pieces.

Inventory:

Missiles
 g - 2 throwing nets
 k - 15 boomerangs (quivered)
Armour
 a - a +0 robe (worn)
 h - an orb of mayhem (worn)
Wands
 f - a wand of digging (3)
Scrolls
 b - 2 scrolls of fog
 c - 2 scrolls of revelation
 d - a scroll of fear
Potions
 i - a potion of might
 m - a potion of heal wounds


   Skills:
 + Level 7.5 Fighting
 - Level 2.0 Dodging
 - Level 2.7 Stealth
 - Level 8.0 Unarmed Combat


You had 7 spell levels left.
You didn't know any spells.
Your spell library was empty.

Dungeon Overview and Level Annotations

Branches:
Dungeon (7/15)             Temple (1/1) D:7          Bailey (1/1)

Altars:
Ashenzari
Cheibriados
Dithmenos
Fedhas
Gozag
Kikubaaqudgha
Makhleb
Okawaru
Qazlal
Ru
Uskayaw
Wu Jian
Zin
The Shining One


Innate Abilities, Weirdness & Mutations

You are too large for most types of armour.
You have claws for hands.
Your natural rate of healing is unusually fast.
You are covered in fur. (AC +1)
You have tough skin. (AC +1)


Message History

You aren't carrying any weapons that can be enchanted.
Blink to where?
Press: ? - help, Dir - move target
As you read the scroll labelled SAORAI JACAAHAIZAE, it crumbles to dust.
It was a scroll of blinking.
It was a potion of might.
You feel very mighty all of a sudden.
It was a potion of brilliance.
You feel clever all of a sudden.
It was a potion of cancellation.
Your magical effects are unravelling.
You feel magically purged.
You feel a little less mighty now.
You feel a little less clever now.
You feel very mighty all of a sudden.
You open the gate. You barely miss the orc warlord.
You mangle the orc warlord!!
The orc warlord is moderately wounded.
The orc warlord hits you with a +3 battleaxe!!
You scratch the orc warlord but do no damage.
The orc warlord is moderately wounded.
The orc warlord hits you with a +3 battleaxe!!
* * * LOW HITPOINT WARNING * * *
You mangle the orc warlord!!
The orc warlord is heavily wounded.
The orc warlord suddenly jeers.
The orc warlord hits you with a +3 battleaxe!
* * * LOW HITPOINT WARNING * * *
You claw the orc warlord!
The orc warlord is heavily wounded.
The orc warlord hits you with a +3 battleaxe!
* * * LOW HITPOINT WARNING * * *
You claw the orc warlord!
The orc warlord is severely wounded.
The orc warlord hits you with a +3 battleaxe!
* * * LOW HITPOINT WARNING * * *
You claw the orc warlord!
The orc warlord is severely wounded.
The orc warlord hits you with a +3 battleaxe!!
You die...

♣∩...~~~.#~....∩....~#.~~~...∩♣
♣♣...~~~.#~.........~#.~~~...♣♣
♣...~~~.#~~.8...8.~~#.~~~...♣
♣♣..###'###.......###'###..♣♣
♣.##....#~.8...8.~#....##.♣
♣##.....#~~~~~~~~~#.....##♣
##......####~~~####......##
#...8......#o''#......8...#
#...........@.............#
#.........................#
##..8..8...........8..8..##
##.......#######.......##
##.....## ##.....## ##...##
##...## ##### #####


You could see an orc warlord.

Vanquished Creatures
  Jeremiah (D:6)
  A steam dragon (D:6)
  A black bear (D:5)
  4 orc warriors
  An ogre (D:6)
  2 scorpions (D:5)
  A sleepcap (D:6)
  3 orc priests (D:6)
  3 hounds
  2 iguanas (D:6)
  6 orc wizards (D:6)
  2 adders (D:5)
  An ufetubus (D:7)
  21 orcs
  5 goblins
  2 hobgoblins (Bailey)
  10 kobolds (Bailey)
66 creatures vanquished.

Notes
Turn   | Place    | Note
-------+----------+-------------------------------------------
     0 | D:5      | GordonOverkill the Troll Delver began the quest for the
                  | Orb.
     0 | D:5      | Reached XP level 1. HP: 22/22 MP: 0/0
     5 | D:6      | Noticed an orc wizard
   137 | D:6      | Killed an orc wizard
   138 | D:6      | Reached XP level 2. HP: 19/31 MP: 1/1
   179 | D:6      | Reached XP level 3. HP: 37/37 MP: 2/2
   268 | D:6      | Reached skill level 3 in Unarmed Combat
   305 | D:6      | Noticed a scorpion
   369 | D:5      | Killed a scorpion
   370 | D:5      | Reached skill level 4 in Unarmed Combat
   370 | D:5      | Reached XP level 4. HP: 4/45 MP: 3/3
   415 | D:6      | Reached XP level 5. HP: 53/53 MP: 4/4
   470 | D:6      | Reached skill level 5 in Unarmed Combat
   549 | D:6      | Noticed Jeremiah
   705 | D:6      | Noticed an orc warrior
   729 | D:6      | Killed an orc warrior
   730 | D:6      | Reached XP level 6. HP: 37/62 MP: 5/5
   867 | D:5      | Reached skill level 6 in Unarmed Combat
   957 | D:5      | Reached XP level 7. HP: 67/70 MP: 6/6
  1192 | D:6      | Reached skill level 7 in Unarmed Combat
  1440 | D:6      | Reached skill level 5 in Fighting
  1596 | D:6      | Noticed a steam dragon
  1603 | D:6      | Killed a steam dragon
  1870 | D:6      | Killed Jeremiah
  1871 | D:6      | Reached skill level 8 in Unarmed Combat
  1871 | D:6      | Reached XP level 8. HP: 32/83 MP: 7/7
  1927 | D:7      | Found a staircase to the Ecumenical Temple.
  1936 | Temple   | Entered the Ecumenical Temple
  1944 | Temple   | Became a worshipper of Warmaster Okawaru
  1985 | D:7      | Noticed a rust devil
  2025 | D:7      | Found a flagged portal.
  2089 | Bailey   | Entered a bailey
  2094 | Bailey   | Noticed an orc warlord
  2142 | Bailey   | Acquired a manual of Fighting
  2343 | Bailey   | Found a runed translucent gate.
  2345 | Bailey   | Found a runed translucent gate.
  2346 | Bailey   | Found a runed translucent gate.
  2485 | Bailey   | Mangled by an orc warlord

Illustrated notes

Levels and vault maps discovered:
D:5:      layout_basic, bloody_trog, yredelemnul_altar_generic
D:6:      layout_cave_pods, uniq_jeremiah
D:7:      layout_gridville, temple_garden, enter_bailey_3
Temple:   dpeg_chambers_temple
Bailey:   bailey_axe_bossmonster_kennysheep, bailey

Skill      XL: |  1  2  3  4  5  6  7  8 |
---------------+-------------------------+-----
Fighting       | 3 4 5 7 |  7.5
Unarmed Combat | 4 5 6 8 |  8.0
Dodging        | 2 |  2.0
Stealth        | |  2.7

Action                     |  1- 3 |  4- 6 |  7- 9 || total
---------------------------+-------+-------+-------++-------
  Melee: Unarmed           |    41 |    70 |   132 ||   243
         Punch             |     1 |     3 |     4 ||     8
  Throw: Boomerang         |       |       |     1 ||     1
    Use: Potion            |     1 |     2 |     7 ||    10
         Scroll            |       |       |     4 ||     4
   Stab: Distracted        |       |       |     2 ||     2
 Armour: Robe              |    10 |    15 |    50 ||    75
  Dodge: Dodged            |    17 |    22 |    70 ||   109

Table legend: (Time is in decaauts)
 A = Elapsed time spent in this place.
 B = Non-inter-level travel time spent in this place.
 C = Inter-level travel time spent in this place.
 D = Time resting spent in this place.
 E = Time spent auto-exploring this place.
 F = Levels seen in this place.
 G = Mean time per level.
                   A        B        C        D        E       F      G
               +--------+--------+--------+--------+--------+-----+--------+
         Total |   2447 |   2415 |     32 |    928 |    719 |   5 |  489.4 |
       Dungeon |   2042 |   2024 |     18 |    873 |    576 |   3 |  680.7 |
        Temple |     16 |      2 |     14 |      0 |      0 |   1 |   16.0 |
        Bailey |    388 |    388 |      0 |     55 |    143 |   1 |  388.0 |
               +--------+--------+--------+--------+--------+-----+--------+

Top non-repeatable levels by time:
     D:6: 1394 daAuts
     D:5: 499 daAuts
  Bailey: 388 daAuts
     D:7: 148 daAuts
  Temple: 16 daAuts
